 Dungeon Crawl Stone Soup version 0.30-a0-137-gd8773701ce (webtiles) character file.

Game seed: 17145492983240909741

492 jimonade the Skirmisher (level 7, -2/50 HPs)
             Began as a Formicid Hunter on Sept 23, 2022.
             Slain by an orc priest
             ... wielding a +0 short sword
              (5 damage)
             ... on level 5 of the Dungeon.
             The game lasted 00:08:33 (3745 turns).

jimonade the Skirmisher (Formicid Hunter)           Turns: 3745, Time: 00:08:34

Health: -2/50      AC:  8    Str: 15    XL:     7   Next: 37%
Magic:  7/7        EV: 11    Int:  9    God:
Gold:   294        SH:  0    Dex: 19    Spells: 6/6 levels left

rFire   . . .      SeeInvis +    a - +0 shortbow
rCold   . . .      Faith    .    (no shield)
rNeg    . . .      Spirit   .    k - +0 ring mail
rPois   .          Reflect  .    (helmet unavailable)
rElec   .          Harm     .    e - +2 cloak
rCorr   .          Rampage  .    (no gloves)
Will    .....                    (no boots)
Stlth   +.........               (no amulet)
HPRegen 0.16/turn                w - ring of flight
MPRegen 0.10/turn                t - +4 ring of slaying

@: flying
A: permanent stasis, dig shafts and tunnels, antennae 3, four strong arms
a: Dig, Shaft Self


You were on level 5 of the Dungeon.
You visited 1 branch of the dungeon, and saw 5 of its levels.

You collected 294 gold pieces.

Inventory:

Hand Weapons
 a - a +0 shortbow (weapon)
 l - a +0 long sword
 p - a +0 sling
Armour
 c - a +0 leather armour
 e - a +2 cloak (worn)
 i - a +0 plate armour
 k - a +0 ring mail (worn)
Jewellery
 r - a ring of protection from fire
 t - a +4 ring of slaying (right hand)
 w - a ring of flight (left hand)
Wands
 x - a wand of charming (5)
Scrolls
 b - a scroll of immolation
 d - a scroll of poison {unknown}
 h - 6 scrolls of identify {unknown}
 j - a scroll of summoning {unknown}
 m - 2 scrolls of torment {unknown}
 v - a scroll of magic mapping {unknown}
Potions
 f - 2 potions of lignification {unknown}
 g - 2 potions of ambrosia {unknown}
 n - a potion of brilliance {unknown}
 o - a potion of might {unknown}
 q - a potion of berserk rage {unknown}
 s - a potion of curing {unknown}
 u - 2 potions of heal wounds {unknown}
 z - a potion of invisibility {unknown}


   Skills:
 - Level 2.1 Fighting
 + Level 8.4 Ranged Weapons
 - Level 1.7 Dodging
 - Level 1.2 Stealth


You had 6 spell levels left.
You didn't know any spells.
Your spell library contained the following spells:

 Spells                   Type           Power      Damage    Failure   Level
 Shock                    Conj/Air       0%         1d3       63%         1
 Ozocubu's Armour         Ice            0%         N/A       94%         3
 Airstrike                Air            0%         2d(0-16)  100%        4
 Summon Lightning Spire   Summ/Air       0%         N/A       100%        4
 Lightning Bolt           Conj/Air       0%         1d11      100%        5
 Metabolic Englaciation   Hex/Ice        0%         N/A       100%        5
 Simulacrum               Ice/Necr       0%         N/A       100%        6
 Swiftness                Air            Unusable   N/A       N/A         3

Dungeon Overview and Level Annotations

Branches:
Dungeon (5/15)
 Temple: D:4-7

Altars:

Annotations:
D:1 exclusion: downstairs
D:2 1 runed translucent door, Crazy Yiuf
D:4 Pikel


Innate Abilities, Weirdness & Mutations

You cannot be hasted, slowed, berserked, paralysed or teleported.
You can dig through walls and to a lower floor.
You have a pair of large antennae on your head. (SInv)
Your four strong arms can wield two-handed weapons with a shield.


Message History

The orc priest is lightly wounded.
You hear a shout!
The iguana hisses angrily.
A centaur comes into view.
The orc priest looks braver for a moment.
The iguana moves out of view.
Fire: a) +0 shortbow
Press: ? - help, Q - select action, (/) - cycle Shift-Dir - straight line, f/p - acid dragon
Aim: an acid dragon (severely wounded, 69% to hit)
You shoot an arrow. The arrow hits the orc priest.
The orc priest is lightly wounded.
The orc priest hits you with a +0 short sword.
* * * LOW HITPOINT WARNING * * *
The orc priest hits you but does no damage.
Fire: a) +0 shortbow
Press: ? - help, Q - select action, (/) - cycle Shift-Dir - straight line, f/p - acid dragon
Aim: an acid dragon (severely wounded, 69% to hit)
You shoot an arrow. The arrow barely misses the orc priest.
The arrow hits the acid dragon!
You kill the acid dragon!
You hear an angry growl.
The orc priest closely misses you.
A black bear comes into view.
Your Ranged Weapons skill increases to level 8!
Fire: a) +0 shortbow
Press: ? - help, Q - select action, (/) - cycle Shift-Dir - straight line, f - orc priest
Aim: an orc priest, wielding a +0 short sword and wearing a +0 ring mail (lightly wounded, 73% to hit)
You shoot an arrow. The arrow hits the orc priest.
The orc priest is moderately wounded.
The orc priest closely misses you.
Fire: a) +0 shortbow
Press: ? - help, Q - select action, (/) - cycle Shift-Dir - straight line, f/p - orc priest
Aim: an orc priest, wielding a +0 short sword and wearing a +0 ring mail (moderately wounded, 73% to hit)
You shoot an arrow. The arrow barely misses the orc priest.
The orc priest hits you but does no damage.
Are you sure you want to shaft yourself?
The orc priest hits you with a +0 short sword.
* * * LOW HITPOINT WARNING * * *
You begin to dig a shaft.
You continue digging a shaft.
The orc priest hits you with a +0 short sword.
You die...

#.#.<##.#.####.##.##.##.#.##.
#.................##.##.#.##.
#..####.....####..........##. #
#..# {##...##.(#..##.##.####. #
#..# ##.##...#..##.##.####.
#####..##. #.#...##.............
...##...##.'#.#{J##..###....#####
##.##....###.hl###...####.#.#
#.##........8co@.....# #.#.#
#.......###..h###....# #)#.#
#.†##..## +#.#{{##...###.#.#
##.....## {#.#. ##........#
.......# {##.##. #....#)###
...###.# ##...## #..#.#.#
....##.####.....####..#.#.#
.....#................#.#.#####
.....#######..#########.#.....#


You could see 2 black bears, a centaur, an iguana and an orc priest.

Vanquished Creatures
  An acid dragon (D:5)
  An ice beast (D:5)
  A lemure (D:4)
  A scorpion (D:5)
  A jelly (D:5)
  An iguana (D:5)
  4 gnolls
  3 adders (D:5)
  A shadow imp (D:5)
  A white imp (D:5)
  An ufetubus (D:4)
  3 worms (D:2)
  2 dart slugs
  2 orcs (D:5)
  6 endoplasms
  2 giant cockroaches (D:1)
  9 hobgoblins
  4 quokkas
  4 ball pythons
  7 bats
  2 frilled lizards
  12 goblins
  8 kobolds
  6 rats
83 creatures vanquished.

Notes
Turn   | Place    | Note
-------+----------+-------------------------------------------
     0 | D:1      | jimonade the Formicid Hunter began the quest for the Orb.
     0 | D:1      | Reached XP level 1. HP: 16/16 MP: 1/1
    50 | D:1      | Found a faded altar of an unknown god.
    78 | D:1      | Reached XP level 2. HP: 20/22 MP: 2/2
   510 | D:1      | Reached XP level 3. HP: 27/27 MP: 3/3
   560 | D:1      | Reached skill level 5 in Ranged Weapons
  1028 | D:1      | HP: 1/27 [gnoll/+0 club (6)]
  1030 | D:1      | Reached XP level 4. HP: 1/33 MP: 4/4
  1533 | D:2      | Found a runed translucent door.
  1534 | D:2      | Noticed Crazy Yiuf
  2014 | D:2      | Reached XP level 5. HP: 29/38 MP: 5/5
  2023 | D:2      | Reached skill level 6 in Ranged Weapons
  2829 | D:3      | You are sucked into a shaft and drop 1 floor!
  2849 | D:4      | Noticed a lemure
  2859 | D:4      | Killed a lemure
  2869 | D:4      | Noticed a lemure
  2873 | D:4      | Noticed Pikel
  2888 | D:5      | Entered Level 5 of the Dungeon
  3037 | D:5      | Reached XP level 6. HP: 44/44 MP: 6/6
  3192 | D:5      | Noticed an ice beast
  3205 | D:5      | Killed an ice beast
  3206 | D:5      | Reached skill level 7 in Ranged Weapons
  3608 | D:5      | Reached XP level 7. HP: 50/50 MP: 7/7
  3728 | D:5      | Noticed an acid dragon
  3741 | D:5      | Killed an acid dragon
  3742 | D:5      | Reached skill level 8 in Ranged Weapons
  3745 | D:5      | Slain by an orc priest

Illustrated notes

Levels and vault maps discovered:
D:1:      mrwooster_arrival_statue_3, layout_basic,
          shapermc_ecumenical_altar_flowoftime
D:2:      minmay_chambers_of_twos, layout_basic, chequers_garden,
          minmay_strange_pillars, minmay_vboxes, uniq_crazy_yiuf_cottage
D:3:      layout_loops_cross, kennysheep_generic_room_9
D:4:      layout_loops_corners, minmay_temple_entry_drinking_statues,
          serial_demonic, serial_demonic_d, serial_demonic_c, serial_demonic_e,
          serial_demonic_a, serial_demonic_f, serial_demonic_d,
          gammafunk_ghost_arena, uniq_eustachio, uniq_edmund, uniq_sigmund,
          uniq_robin, uniq_pikel, uniq_menkaure
D:5:      cheibrodos_barr_body, layout_loops_ring

Skill      XL: |  1  2  3  4  5  6  7 |
---------------+----------------------+-----
Ranged Weapons | 5 6 7 8 |  8.4
Fighting       | |  2.1
Dodging        | |  1.7
Stealth        | |  1.2

Action                   |  1- 3 |  4- 6 |  7- 9 || total
-------------------------+-------+-------+-------++-------
 Fire: Shortbow          |    85 |   133 |    13 ||   231
 Abil: Shaft Self        |       |       |     1 ||     1
Armor: Leather armour    |    12 |     1 |       ||    13
       Ring mail         |       |    21 |     8 ||    29
Dodge: Dodged            |    24 |    30 |     9 ||    63

Table legend: (Time is in decaauts)
 A = Elapsed time spent in this place.
 B = Non-inter-level travel time spent in this place.
 C = Inter-level travel time spent in this place.
 D = Time resting spent in this place.
 E = Time spent auto-exploring this place.
 F = Levels seen in this place.
 G = Mean time per level.
                   A        B        C        D        E       F      G
               +--------+--------+--------+--------+--------+-----+--------+
         Total |   3808 |   3692 |    116 |    336 |   2458 |   5 |  761.6 |
       Dungeon |   3808 |   3692 |    116 |    336 |   2458 |   5 |  761.6 |
               +--------+--------+--------+--------+--------+-----+--------+

Top non-repeatable levels by time:
     D:1: 1347 daAuts
     D:2: 1290 daAuts
     D:5: 868 daAuts
     D:3: 237 daAuts
     D:4: 63 daAuts
